Map: Abyssal Reef LE

Players

Lambizzle

  • Race: Terran Terran
  • League: Gold
  • Spawn Location: 11:00

landen - Winner!

  • Race: Protoss Protoss
  • League: Gold
  • Spawn Location: 5:00

VOD

Have the link to the VOD?

Description

Time

  • Played on: Jan. 12, 2018, 8:45 p.m.
  • Length: 28:00
Show
View Real Time Build Order
Export as new Build Order

Lambizzle Terran 

Build Orders:  

Get SALT Encoding   

  12  0:01  SCV  
  13  0:13  SCV  
  14  0:18  Supply Depot  
  14  0:25  SCV  
  15  0:39  SCV  
  15  0:42  Barracks  
  16  0:52  SCV  
  16  0:56  Barracks  
  17  1:04  SCV  
  18  1:11  Barracks  
  18  1:18  SCV  
  19  1:26  Barracks  
  19  1:39  Marine  
  20  1:46  Supply Depot  
  20  1:50  Marine  
  21  2:02  Marine  
  21  2:03  Marine  
  23  2:11  Marine  
  23  2:15  Marine  
  25  2:20  Marine  
  26  2:26  Supply Depot  
  26  2:27  Marine  
  27  2:30  Marine  
  28  2:39  Marine  
  28  2:42  Command Center  
  29  2:45  Marine  
  29  2:50  Marine  
  31  2:58  SCV  
  32  3:01  Marine  
  32  3:02  Marine  
  34  3:09  Marine  
  34  3:10  Marine  
  36  3:14  Refinery  
  36  3:18  Marine  
  37  3:20  Marine  
  37  3:21  SCV  
  39  3:38  Orbital Command  
  39  3:39  Marine  
  38  3:43  Supply Depot  
  35  4:15  Refinery  
  35  4:17  Marine x4, Engineering Bay  
  39  4:25  SCV  
  40  4:32  SCV  
  40  4:37  SCV  
  42  4:45  SCV  
  42  4:56  Marine x2  
  42  4:57  SCV, Marine x2  
  47  5:04  Bunker  
  47  5:09  SCV, Command Center  
  47  5:10  SCV  
  49  5:21  Factory  
  49  5:22  SCV, Barracks Tech Lab  
  49  5:25  Marine x2  
  49  5:28  Marine  
  53  5:30  SCV  
  54  5:36  Supply Depot  
  54  5:43  Marine  
  54  5:46  Stimpack  
  54  5:47  Marine x2  
  54  5:48  Marine  
  58  5:53  Terran Infantry Weapons Level 1  
  58  5:56  SCV  
  59  6:01  SCV  
  60  6:10  SCV  
  61  6:13  SCV, Marine  
  61  6:14  Marine x3  
  61  6:18  Widow Mine  
  68  6:22  Starport  
  69  6:25  SCV  
  69  6:32  Marine  
  71  6:33  Marine, Marauder  
  71  6:38  Engineering Bay  
  73  6:45  SCV  
  74  6:49  Refinery  
  74  6:50  Refinery  
  74  6:51  Liberator  
  74  6:52  Refinery  
  74  7:07  Widow Mine, Marine  
  74  7:08  Marine  
  81  7:16  Orbital Command  
  81  7:28  SCV  
  82  7:34  Engineering Bay  
  82  7:40  SCV  
  82  7:41  Planetary Fortress  
  83  7:49  Missile Turret  
  83  7:50  Missile Turret  
  83  7:53  Command Center  
  83  7:56  SCV  
  84  7:59  Marine  
  84  8:05  Marine x3, Medivac  
  90  8:32  Marine x3  
  93  8:46  Supply Depot  
  93  9:05  Siege Tank  
  96  9:13  Barracks Reactor  
  96  9:15  Marine x3  
  99  9:17  Terran Infantry Armor Level 1  
  99  9:21  Armory  
  99  9:25  Liberator  
  99  9:26  Barracks  
  99  9:32  Marine  
  100  9:38  Siege Tank  
  106  9:52  Building Armor  
  106  9:53  Planetary Fortress  
  106  9:58  Marine  
  106  9:59  Marine x3  
  110  10:00  Marine  
  111  10:16  Marine  
  108  10:49  Liberator  
  92  11:00  Marine x5  
  101  11:14  Barracks Tech Lab, Starport  
  101  11:17  Marine  
  101  11:18  Marine x2, Terran Infantry Weapons Level 2, Terran Infantry Armor Level 2  
  99  11:20  Terran Ship Weapons Level 1  
  99  11:21  Starport  
  66  11:43  SCV  
  67  11:53  SCV  
  68  11:54  Supply Depot  
  68  11:55  SCV  
  68  11:56  Missile Turret  
  69  12:02  Barracks Tech Lab  
  69  12:05  SCV  
  69  12:07  SCV  
  71  12:15  Fusion Core, Raven  
  71  12:17  SCV  
  71  12:19  SCV  
  75  12:41  Marine x3  
  75  12:42  Marine  
  79  12:45  Barracks Tech Lab  
  79  12:47  Medivac  
  81  12:58  Refinery  
  81  12:59  Marine x2  
  81  13:00  Missile Turret  
  81  13:01  Sensor Tower  
  81  13:04  Command Center  
  83  13:25  Battlecruiser x2  
  95  13:27  Weapon Refit  
  95  13:38  Terran Vehicle And Ship Armor Level 1  
  95  13:40  Terran Infantry Weapons Level 3, Terran Infantry Armor Level 3  
  95  13:46  Battlecruiser  
  101  13:56  Refinery  
  101  14:32  Battlecruiser x2  
  113  14:39  Marine x6  
  119  14:50  Refinery  
  119  14:56  Marine  
  119  14:57  Marine x2  
  122  15:01  Refinery  
  122  15:12  Missile Turret  
  122  15:15  Sensor Tower  
  122  15:16  Sensor Tower  
  122  15:20  Barracks Tech Lab  
  122  15:22  Battlecruiser  
  122  15:23  Starport  
  128  15:30  SCV  
  128  15:35  Refinery  
  129  15:43  Battlecruiser  
  129  15:47  SCV  
  136  15:55  Command Center  
  136  16:16  Command Center  
  136  16:18  Starport  
  136  16:20  Marine x3  
  139  16:27  Marine x2  
  141  16:37  Supply Depot  
  141  16:38  Marine  
  142  16:47  Supply Depot  
  142  16:59  Starport Tech Lab, Battlecruiser  
  148  17:07  SCV  
  149  17:09  SCV  
  150  17:19  SCV  
  150  17:21  SCV  
  152  17:26  Supply Depot  
  152  17:30  Battlecruiser  
  152  17:31  Battlecruiser  
  164  17:50  Refinery  
  164  17:51  Planetary Fortress  
  164  18:06  Battlecruiser  
  164  18:08  Refinery  
  164  18:09  Missile Turret  
  170  18:15  Orbital Command  
  170  18:21  Missile Turret  
  170  18:39  SCV  
  171  18:42  Battlecruiser x2, Terran Ship Weapons Level 2  
  171  18:47  Armory  
  183  18:51  SCV  
  184  19:18  Starport  
  184  19:21  Battlecruiser x2  
  182  19:50  Marine x4  
  186  19:59  Battlecruiser x2  
  198  20:05  Marine x2  
  106  21:28  Marine  
  106  21:29  Marine x3  
  106  21:31  Battlecruiser x5  
  120  21:48  Marine x3  
  120  21:49  Marine x2  
  125  22:06  Marine  
  126  22:08  Marine  
  126  22:09  Marine x3  
  130  22:24  Sensor Tower, Marine  
  125  22:35  Battlecruiser  
  113  22:49  Marine  
  113  22:50  Marine x4  
  104  22:54  Battlecruiser x2  
  104  22:55  Battlecruiser x2  
  104  22:58  Terran Vehicle And Ship Armor Level 2  
  124  23:07  Marine  
  124  23:08  Marine  
  126  23:20  Missile Turret  
  126  23:23  Viking  
  126  23:25  Marine x2  
  126  23:26  Marine  
  126  23:27  Marine x2  
  133  23:39  Viking  
  133  23:40  SCV  
  136  23:43  Marine x2  
  136  23:44  Marine  
  139  24:15  SCV  
  140  24:17  Marine x4  
  140  24:18  Marine  
  140  24:20  Battlecruiser x2  
  157  24:40  SCV  
  157  24:41  Sensor Tower, Marine x4  
  157  24:42  Marine  
  163  24:57  Command Center  
  163  25:08  Battlecruiser  
  163  25:09  Terran Ship Weapons Level 3  
  54  26:00  Marine  
  54  26:01  Marine x4  
  47  26:07  Viking  
  47  26:08  Viking  
  47  26:10  Viking  
  59  26:18  Marine  
  59  26:19  Marine  
  38  27:00  Barracks  
  38  27:04  SCV  
  38  27:05  Barracks  
  38  27:07  Barracks  
  37  27:10  SCV  
  37  27:12  Barracks  
  37  27:15  Supply Depot  
  36  27:16  SCV  
  36  27:22  SCV  
  32  27:28  SCV  
  27  27:34  SCV  
  24  27:40  SCV  
  25  27:46  SCV  
  25  27:55  Missile Turret  
  25  27:57  Missile Turret  
Show
View Real Time Build Order
Export as new Build Order

landen Protoss - Winner!

Build Orders:  

Get SALT Encoding   

  12  0:03  Probe  
  13  0:15  Probe  
  14  0:26  Pylon  
  14  0:28  Probe  
  15  0:30  Pylon  
  15  0:44  Probe (Chrono Boost)  
  16  0:54  Probe (Chrono Boost)  
  17  0:58  Gateway  
  17  0:59  Probe (Chrono Boost)  
  18  1:10  Gateway  
  18  1:11  Probe  
  19  1:22  Assimilator  
  19  1:23  Probe  
  20  1:35  Probe  
  20  1:36  Gateway  
  21  1:45  Pylon  
  21  1:51  Cybernetics Core  
  21  1:57  Zealot  
  21  2:00  Zealot  
  25  2:09  Assimilator  
  25  2:22  Warp Gate (Chrono Boost)  
  25  2:37  Nexus  
  25  2:52  Stalker  
  25  2:54  Stalker  
  25  2:57  Probe (Chrono Boost)  
  30  3:07  Probe (Chrono Boost)  
  30  3:12  Probe (Chrono Boost)  
  30  3:14  Zealot  
  33  3:22  Stalker  
  35  3:29  Pylon  
  25  4:03  Gateway  
  25  4:05  Gateway  
  25  4:08  Stalker  
  25  4:09  Stalker  
  29  4:12  Stalker  
  31  4:33  Sentry x2  
  31  4:36  Stalker  
  37  4:49  Gateway x2  
  37  4:56  Sentry  
  39  5:03  Pylon  
  39  5:21  Nexus  
  39  5:24  Pylon  
  39  5:35  Pylon  
  39  5:40  Stalker  
  41  6:03  Pylon  
  41  6:18  Robotics Facility  
  41  6:28  Twilight Council  
  41  6:29  Zealot x3  
  47  6:33  Probe (Chrono Boost)  
  48  6:44  Probe (Chrono Boost)  
  50  6:49  Probe (Chrono Boost)  
  50  6:53  Probe (Chrono Boost)  
  51  6:56  Probe (Chrono Boost)  
  52  7:03  Forge  
  52  7:06  Forge  
  52  7:07  Charge (Chrono Boost)  
  52  7:12  Probe (Chrono Boost)  
  55  7:23  Probe (Chrono Boost)  
  55  7:24  Probe (Chrono Boost)  
  56  7:31  Probe (Chrono Boost)  
  56  7:32  Probe (Chrono Boost)  
  56  7:34  Protoss Shields Level 1  
  56  7:36  Stalker, Probe (Chrono Boost)  
  59  7:37  Observer  
  59  7:39  Probe  
  62  7:47  Protoss Ground Armor Level 1  
  62  7:49  Immortal  
  66  8:23  Stalker  
  66  8:24  Stalker  
  70  8:31  Nexus  
  70  8:32  Probe (Chrono Boost)  
  71  8:36  Assimilator  
  71  8:39  Assimilator  
  71  8:44  Probe (Chrono Boost)  
  72  8:49  Pylon, Probe (Chrono Boost)  
  72  8:50  Pylon  
  70  9:16  Assimilator, Pylon  
  70  9:22  Probe  
  71  9:34  Probe  
  71  9:39  Photon Cannon  
  71  9:46  Probe (Chrono Boost)  
  71  9:47  Photon Cannon  
  71  9:51  Photon Cannon  
  72  9:58  Probe (Chrono Boost)  
  73  10:03  Probe (Chrono Boost)  
  73  10:06  Probe (Chrono Boost)  
  75  10:10  Pylon, Probe (Chrono Boost)  
  77  10:14  Probe (Chrono Boost)  
  77  10:15  Probe (Chrono Boost)  
  75  10:24  Probe  
  75  10:27  Probe  
  74  10:32  Stalker x2  
  74  10:33  Stalker x2  
  74  10:34  Zealot  
  84  10:39  Probe  
  75  10:51  Probe  
  72  10:59  Stalker x5  
  55  11:43  Zealot x2  
  55  11:44  Zealot x4  
  67  12:07  Nexus  
  67  12:08  Nexus, Immortal  
  71  12:24  Zealot  
  71  12:25  Zealot x3  
  71  12:26  Zealot  
  81  12:33  Stalker  
  83  12:40  Protoss Shields Level 2  
  83  12:47  Protoss Ground Armor Level 2  
  83  12:55  Assimilator  
  83  12:57  Assimilator  
  83  13:06  Probe (Chrono Boost)  
  85  13:15  Probe (Chrono Boost)  
  85  13:17  Probe (Chrono Boost)  
  86  13:23  Probe (Chrono Boost)  
  86  13:25  Probe (Chrono Boost)  
  88  13:28  Pylon x2  
  88  13:30  Probe (Chrono Boost)  
  88  13:32  Probe (Chrono Boost)  
  91  13:39  Probe (Chrono Boost)  
  91  13:40  Zealot x2  
  97  13:42  Probe (Chrono Boost)  
  97  13:43  Zealot, Probe (Chrono Boost)  
  97  13:46  Probe x2 (Chrono Boost)  
  101  13:58  Probe  
  102  14:10  Probe  
  100  14:37  Stargate  
  100  14:38  Stargate  
  100  14:41  Stargate x2  
  100  15:01  Probe (Chrono Boost)  
  100  15:06  Probe (Chrono Boost)  
  102  15:11  Probe (Chrono Boost)  
  102  15:12  Probe (Chrono Boost)  
  105  15:15  Probe (Chrono Boost)  
  105  15:17  Probe (Chrono Boost)  
  105  15:19  Void Ray x2 (Chrono Boost)  
  105  15:20  Probe (Chrono Boost)  
  108  15:21  Probe (Chrono Boost)  
  108  15:22  Void Ray (Chrono Boost)  
  108  15:24  Void Ray (Chrono Boost)  
  108  15:25  Probe x2 (Chrono Boost)  
  108  15:27  Probe (Chrono Boost)  
  128  15:29  Probe (Chrono Boost)  
  128  15:30  Probe (Chrono Boost)  
  128  15:31  Probe  
  131  15:35  Probe  
  131  15:39  Probe  
  131  15:41  Probe  
  133  15:43  Probe  
  133  15:45  Pylon  
  133  15:47  Probe  
  133  15:48  Pylon  
  135  15:51  Void Ray (Chrono Boost)  
  135  15:52  Void Ray (Chrono Boost)  
  135  15:53  Probe  
  135  15:55  Void Ray (Chrono Boost)  
  135  15:56  Assimilator  
  144  15:58  Assimilator  
  152  16:10  Void Ray (Chrono Boost)  
  152  16:19  Probe  
  152  16:20  Pylon  
  152  16:21  Pylon  
  153  16:27  Void Ray x2  
  153  16:31  Probe  
  162  16:37  Void Ray  
  162  16:38  Pylon  
  162  16:39  Pylon  
  166  16:41  Pylon  
  166  16:44  Pylon  
  166  16:45  Fleet Beacon  
  166  16:46  Void Ray  
  170  16:47  Cybernetics Core  
  170  17:26  Carrier (Chrono Boost)  
  170  17:27  Carrier x3 (Chrono Boost)  
  170  17:28  Nexus  
  194  17:55  Nexus  
  194  18:01  Photon Cannon  
  194  18:02  Photon Cannon  
  194  18:04  Photon Cannon  
  194  18:06  Photon Cannon  
  194  18:08  Photon Cannon  
  194  18:13  Assimilator  
  194  18:15  Assimilator  
  194  18:18  Pylon  
  194  18:19  Pylon  
  194  18:27  Assimilator  
  194  18:28  Assimilator  
  194  18:45  Carrier  
  194  18:48  Graviton Catapult (Chrono Boost)  
  200  18:58  Protoss Air Weapons Level 1 (Chrono Boost)  
  200  19:03  Protoss Air Armor Level 1 (Chrono Boost)  
  186  19:48  Mothership  
  186  19:50  Tempest  
  200  20:35  Protoss Air Weapons Level 2 (Chrono Boost)  
  200  20:38  Protoss Air Armor Level 2 (Chrono Boost)  
  116  21:20  Void Ray x3 (Chrono Boost)  
  131  21:29  Void Ray (Chrono Boost)  
  119  21:55  Void Ray (Chrono Boost)  
  119  21:56  Void Ray (Chrono Boost)  
  119  21:57  Probe (Chrono Boost)  
  119  21:58  Void Ray (Chrono Boost)  
  132  22:04  Void Ray (Chrono Boost)  
  132  22:08  Probe (Chrono Boost)  
  137  22:10  Nexus  
  137  22:13  Probe (Chrono Boost)  
  138  22:18  Nexus  
  138  22:31  Void Ray x3 (Chrono Boost)  
  150  22:38  Void Ray  
  144  23:08  Void Ray x2 (Chrono Boost)  
  144  23:09  Void Ray (Chrono Boost)  
  152  23:18  Void Ray (Chrono Boost)  
  150  23:40  Assimilator  
  150  23:45  Assimilator  
  162  23:49  Mothership  
  162  23:50  Protoss Air Weapons Level 3 (Chrono Boost)  
  162  23:52  Protoss Air Armor Level 3 (Chrono Boost)  
  174  23:57  Assimilator  
  174  23:59  Tempest (Chrono Boost)  
  174  24:00  Tempest x3 (Chrono Boost)  
  183  24:24  Observer  
  183  24:35  Tempest x2  
  196  24:45  Observer  
  138  26:01  Void Ray x2  
  138  26:02  Void Ray x2  
  154  26:44  Tempest x3  
  154  26:45  Tempest  
Tags
 
Add a new tag
Caveats
  • Supply blocks, unpowered buildings, or Contaminate may cause inaccurate times.
  • Supply counts are checked every 10 seconds.